 Dungeon Crawl Stone Soup version 0.23.2 (webtiles) character file.

Game seed: 15792846242981631035

74 Morbidden the Ruffian (level 4, 0/36 HPs)
             Began as a Draconian Transmuter on Apr 6, 2019.
             Succumbed to a worker ant's poison
             ... on level 4 of the Dungeon.
             The game lasted 00:04:40 (2431 turns).

Morbidden the Ruffian (Draconian Transmuter)        Turns: 2431, Time: 00:04:40

Health: 0/36       AC:  5    Str: 16 (18) XL:     4   Next: 10%
Magic:  7/7        EV: 12    Int: 10 (13) God:
Gold:   123        SH:  0    Dex: 10 (12) Spells: 6/7 levels left

rFire    . . .     SeeInvis .     - Unarmed
rCold    . . .     Gourm    .   (no shield)
rNeg     . . .     Faith    .   (armour unavailable)
rPois    .         Spirit   .   (helmet restricted)
rElec    .         Reflect  .   (no cloak)
rCorr    .         Harm     .   (no gloves)
MR       .....                  (no boots)
Stlth    +.........             (no amulet)
HPRegen  0.12/turn              (no ring)
MPRegen  0.10/turn              (no ring)

@: mighty, lethally poisoned (0 -> -2), berserk cooldown, hasted and slowed
A: unfitting armour, cold-blooded, AC +5
a: no special abilities


You were on level 4 of the Dungeon.
You were hungry.

You visited 1 branch of the dungeon, and saw 4 of its levels.

You collected 123 gold pieces.

Inventory:

Missiles
 a - 12 arrows
Jewellery
 d - a +4 ring of dexterity {unknown}
 k - a cursed ring of protection from magic {unknown}
 m - a cursed -3 ring of protection {unknown}
Scrolls
 e - 6 scrolls of identify {unknown}
 f - a scroll of amnesia {unknown}
 h - a scroll of enchant armour {unknown}
 i - 3 scrolls of magic mapping {unknown}
 n - a scroll of fog {unknown}
Comestibles
 c - 5 rations


   Skills:
 * Level 2.0 Fighting
 + Level 2.3 Dodging
 + Level 0.3 Stealth
 + Level 3.8 Unarmed Combat
 + Level 2.1 Spellcasting
 * Level 2.4 Transmutations


You had 6 spell levels left.
You knew the following spells:

 Your Spells              Type           Power        Failure   Level  Hunger
a - Beastly Appendage     Tmut           #.....       11%         1    ##.....

Your spell library contained the following spells:

 Spells                   Type           Power        Failure   Level  Hunger
 Sticks to Snakes         Tmut           #.......     17%         2    ###....
 Spider Form              Tmut/Pois      #.........   50%         3    ####...
 Ice Form                 Ice/Tmut       #.......     88%         4    #####..
 Blade Hands              Tmut           #.........   97%         5    ######.


Dungeon Overview and Level Annotations

Branches:
Dungeon (4/15)
 Temple: D:4-7

Altars:
Ru

Annotations:
D:3 Grinder, Jessica
D:4 Dowan, Duvessa


Innate Abilities, Weirdness & Mutations

Your plain brown scales are hard. (AC +5)
You cannot fit into any form of body armour.
You are cold-blooded and may be slowed by cold attacks.


Message History

You hit the worker ant.
You kill the worker ant!
You feel your dexterity returning.
Your Fighting skill increases to level 2!
You have reached level 4!
You feel agile.
You feel a strong urge to attack something.
You feel your anger nearly subside.
* * * LOW HITPOINT WARNING * * *
You feel sick.
You are no longer berserk.
You are exhausted.
You feel yourself slow down.
Unknown command.
An ogre comes into view. It is wielding a +0 giant spiked club.
The ogre shouts!
You hear a shout! x2
Found 12 gold pieces.
Duvessa and Dowan come into view.
Duvessa shouts!
Dowan shouts!
You die...

##.[. ....
#.$.##
....###
.....#####
.........
#..#.....
###@##.....
#......O...
#....#.e...
#....# .e..
#....# ...
#....# ..
#....# .
#....#
#....#


You could see Duvessa, an ogre and Dowan.

Vanquished Creatures
  A worker ant (D:4)
  An adder (D:2)
  3 worms
  3 bats
  3 giant cockroaches
  4 goblins
  5 hobgoblins
  2 jackals (D:2)
  A ball python (D:2)
  6 frilled lizards
  A kobold (D:2)
  5 rats
35 creatures vanquished.

Notes
Turn   | Place    | Note
-------+----------+-------------------------------------------
     0 | D:1      | Morbidden the Draconian Transmuter began the quest for the
                  | Orb.
     0 | D:1      | Reached XP level 1. HP: 16/16 MP: 3/3
   581 | D:1      | Reached XP level 2. HP: 21/23 MP: 5/5
  1212 | D:2      | Reached XP level 3. HP: 10/28 MP: 6/6
  1470 | D:2      | Found a sacrificial altar of Ru.
  2352 | D:3      | Noticed Jessica
  2389 | D:3      | Noticed Grinder
  2418 | D:4      | HP: 1/29 [poisoned by a worker ant]
  2422 | D:4      | Reached XP level 4. HP: 2/36 MP: 7/7
  2426 | D:4      | HP: 1/54 [poisoned by a worker ant]
  2429 | D:4      | Noticed an ogre
  2430 | D:4      | Noticed Duvessa
  2430 | D:4      | Noticed Dowan
  2431 | D:4      | Succumbed to a worker ant's poison

Skill      XL: |  1  2  3 |
---------------+----------+-----
Dodging        | 2 |  2.3
Fighting       | 2 |  2.0
Stealth        | |  0.3
Unarmed Combat | |  3.8
Spellcasting   | |  2.1
Transmutations | |  2.4

Action                   |  1- 3 |  4- 6 || total
-------------------------+-------+-------++-------
Melee: Unarmed           |   177 |       ||   177
       Tailslap          |    16 |       ||    16
       Punch             |     3 |       ||     3
       Kick              |     2 |       ||     2
 Cast: Beastly Appendage |     1 |       ||     1
  Use: Potion            |     6 |       ||     6
 Stab: Sleeping          |     1 |       ||     1
  Eat: Chunk             |     4 |       ||     4
Armor: Skin              |    50 |       ||    50
Dodge: Dodged            |   108 |       ||   108
